 Dungeon Crawl Stone Soup version 0.15.0-27-gbdb0435 (console) character file.

153 gw the Ruffian (level 5, -7/53 HPs)
             Began as a Troll Monk on Sept 10, 2014.
             Mangled by gw's ghost (9 damage)
             ... on Level 3 of the Dungeon.
             The game lasted 00:02:14 (3045 turns).

gw the Ruffian (Troll Monk)                         Turns: 3045, Time: 00:02:14

HP  -7/53        AC  7     Str 19      XL: 5   Next: 12%
MP   2/2         EV 11     Int  6      God:
Gold 0           SH  0     Dex 13      Spells:  0 memorised,  4 levels left

rFire  . . .     SeeInvis .       - Unarmed
rCold  . . .     Clarity  .     a - +2 robe
rNeg   . . .     rCorr    .     (shield restricted)
rPois  .         rRot     .     (helmet restricted)
rElec  .         Spirit   .     (no cloak)
SustAb .         Warding  .     (gloves unavailable)
rMut   .         Stasis   .     (boots unavailable)
Gourm  +                        (no amulet)
MR     .....                    (no ring)
                                (no ring)

@: not resistant to hostile enchantments, very unstealthy
A: unfitting armour, claws 3, fast metabolism 3, gourmand, regeneration 2,
saprovore 2, shaggy fur 1, tough skin 2
a: no special abilities


You were on level 3 of the Dungeon.
You were very full.

You visited 1 branch of the dungeon, and saw 3 of its levels.

Inventory:

Missiles
 j - 83 stones (quivered)
Armour
 a - a +2 robe (worn)
Comestibles
 b - 3 meat rations
 h - a bread ration
 k - 3 slices of pizza
 l - 10 fruits
Scrolls
 e - 3 scrolls of enchant armour
 f - a scroll of fog
 g - a scroll of identify
Potions
 c - 3 potions of curing
 d - 2 potions of berserk rage {unknown}
 m - a potion of magic {unknown}


   Skills:
 + Level 3.0 Fighting
 + Level 1.6 Throwing
 + Level 2.9 Dodging
 - Level 1.1 Stealth
 * Level 5.2 Unarmed Combat


You had 4 spell levels left.
You didn't know any spells.

Dungeon Overview and Level Annotations

Branches:
Dungeon (3/15)

Altars:
Ashenzari
Cheibriados

Annotations:
D:3 gw's ghost, average TrMo


Innate Abilities, Weirdness & Mutations

You are too large for most types of armour.
You have claws for hands.
Your metabolism is lightning-fast.
You like to eat raw meat.
You heal very quickly.
You can eat rotten meat.
You are covered in fur (AC +1).
You have very tough skin (AC +2).


Message History

FLEEEEING!
ATTACKING (0,-1)
You barely miss gw's ghost.
Gw's ghost is severely damaged.
FLEEEEING!
ATTACKING (0,-1)
You barely miss gw's ghost.
Gw's ghost is severely damaged.
Gw's ghost hits you!
FLEEEEING!
ATTACKING (0,-1)
You closely miss gw's ghost.
Gw's ghost is severely damaged.
Gw's ghost hits you.
FLEEEEING!
ATTACKING (0,-1)
You scratch gw's ghost.
Gw's ghost is severely damaged.
Gw's ghost hits you!
You die...

.........###.....#.########...###
#.......## #.#.#.#.# ##...#..#
##..)..## #.###.#.# #.###.#.#
##...## #.# #.#.# #.# #...# ##'##
#)# #.#.# #.###.### #.# #.###.#.#
##...## #.# #.......# ##.## ##.##
#####W### #.# ##.[.## #T# #.#
#.)...# ### #.# ###.#####
###...####.#####.# #.......###
.###)####.#......# #.#........
.........###.##### #.#####.###
.###.####.#.## #.# #.# .# #.#
##.## #.#####.# .# #.# ###
#.......# .###.###### #########


You could see gw's ghost.

Table legend:
 A = Turns spent in this place as a percentage of turns spent in the entire game.
 B = Non-inter-level travel turns spent in this place as a percentage of non-inter-level travel turns spent in the entire game.
 C = Inter-level travel turns spent in this place as a percentage of turns spent in this place.
 D = Turns resting spent in this place as a percentage of non-inter-level travel turns spent in this place.
 E = Turns spent auto-exploring this place as a percentage of non-inter-level travel turns spent in this place.
 F = Non-inter-level travel turns spent in this place divided by the number of levels of this place that you've seen.
                   A       B       C       D       E      F
               +-------+-------+-------+-------+-------+----------------------
         Total | 100.0 | 100.0 |   4.1 |   1.6 |   9.9 | 412.0
       Dungeon | 100.0 | 100.0 |   4.1 |   1.6 |   9.9 | 412.0
               +-------+-------+-------+-------+-------+----------------------

Table legend:
 A = Kills in this place as a percentage of kills in entire the game.
 B = Kills by you in this place as a percentage of kills by you in the entire game.
 C = Kills by friends in this place as a percentage of kills by friends in the entire game.
 D = Other kills in this place as a percentage of other kills in the entire game.
 E = Experience gained in this place as a percentage of experience gained in the entire game.
 F = Experience gained in this place divided by the number of levels of this place that you have seen.
                   A       B       C       D       E      F
               +-------+-------+-------+-------+-------+----------------------
         Total | 100.0 | 100.0 |  -nan |  -nan | 100.0 |  73.0
       Dungeon | 100.0 | 100.0 |  -nan |  -nan | 100.0 |  73.0
               +-------+-------+-------+-------+-------+----------------------

Vanquished Creatures
  5 gnolls
  2 adders
  A worm (D:2)
  5 giant geckos
  2 oozes
  An orc (D:3)
  2 goblins
  13 hobgoblins
  13 jackals
  A ball python (D:3)
  3 bats
  2 giant cockroaches
  6 giant newts
  14 kobolds
  4 rats
74 creatures vanquished.

Notes
Turn   | Place    | Note
--------------------------------------------------------------
     0 | D:1      | gw, the Troll Monk, began the quest for the Orb.
     0 | D:1      | Reached XP level 1. HP: 22/22 MP: 1/1
   330 | D:1      | Reached XP level 2. HP: 25/29 MP: 1/1
   607 | D:1      | Reached XP level 3. HP: 36/36 MP: 2/2
  1042 | D:2      | Reached skill level 1 in Throwing
  1119 | D:2      | Reached XP level 4. HP: 13/44 MP: 2/2
  1759 | D:2      | Reached skill level 5 in Unarmed Combat
  2557 | D:3      | Found a shattered altar of Ashenzari.
  2566 | D:3      | Reached XP level 5. HP: 52/52 MP: 2/2
  2747 | D:3      | Found a snail-covered altar of Cheibriados.
  2867 | D:3      | Noticed gw's ghost (average TrMo)
  3044 | D:3      | HP: 2/53 [gw's ghost (3)]
  3045 | D:3      | Mangled by gw's ghost

Action                   |  1- 3 |  4- 6 || total
-------------------------+-------+-------++-------
Melee: Unarmed           |    60 |   106 ||   166
Throw: Stone             |    48 |    69 ||   117
  Use: Scroll            |     6 |     2 ||     8
       Potion            |     2 |     2 ||     4
  Eat: Chunk             |    13 |    19 ||    32

Vault maps used:
D:1:      moated_graveyard_arrival
D:2:      first_bread
D:3:      cheibriados_altar_wand_db, old_standard_altar
